 Dungeon Crawl Stone Soup version 0.30-a0-824-g6c64550be9 (webtiles) character file.

Game seed: 1352368217557579264

62 bmack86 the Shield-Bearer (level 3, -2/33 HPs)
             Began as a Minotaur Fighter on Feb 28, 2023.
             Slain by a gnoll
             ... wielding a +0 halberd of protection
              (5 damage)
             ... on level 3 of the Dungeon.
             The game lasted 00:04:25 (1852 turns).

bmack86 the Shield-Bearer (Minotaur Fighter)        Turns: 1852, Time: 00:04:26

Health: -2/33      AC: 12    Str: 22    XL:     3   Next: 85%
Magic:  2/2        EV:  7    Int:  5    God:
Gold:   65         SH:  4    Dex:  9    Spells: 2/2 levels left

rFire   . . .      SeeInvis .    a - +0 war axe
rCold   . . .      Faith    .    c - +0 buckler
rNeg    . . .      Spirit   .    m - +0 chain mail
rPois   .          Reflect  .    (helmet restricted)
rElec   .          Harm     .    n - +0 cloak
rCorr   .          Rampage  .    j - +1 pair of gloves
Will    .....                    (no boots) Stlth
                                 (no amulet)
HPRegen 0.25/turn                (no ring)
MPRegen 0.08/turn                (no ring)

@: brilliant
A: horns 2, retaliatory headbutt
a: no special abilities


You were on level 3 of the Dungeon.
You visited 1 branch of the dungeon, and saw 3 of its levels.

You collected 65 gold pieces.

Inventory:

Hand Weapons
 a - a +0 war axe (weapon)
Armour
 b - a +0 scale mail
 c - a +0 buckler (worn)
 j - a +1 pair of gloves (worn)
 m - a +0 chain mail (worn)
 n - a +0 cloak (worn)
Scrolls
 e - a scroll of teleportation
 k - a scroll of torment {unknown}
 l - a scroll of magic mapping {unknown}
Potions
 d - a potion of might
 g - a potion of flight {unknown}
 h - a potion of brilliance
 i - a potion of resistance {unknown}
 o - a potion of mutation {unknown}


   Skills:
 + Level 4.1 Fighting
 * Level 3.7 Axes
 + Level 4.1 Armour
 + Level 4.1 Shields


You had 2 spell levels left.
You didn't know any spells.
Your spell library contained the following spells:

 Spells                   Type           Power      Damage    Failure   Level
 Freeze                   Ice            0%         1d3       99%         1
 Frozen Ramparts          Ice            0%         1d1       100%        3
 Hailstorm                Conj/Ice       0%         3d3       100%        3


Dungeon Overview and Level Annotations

Branches:
Dungeon (3/15)

Altars:


Innate Abilities, Weirdness & Mutations

You have a pair of horns on your head.
You reflexively headbutt those who attack you in melee.


Message History

A quokka comes into view.
An endoplasm and a gnoll come into view.
The endoplasm quivers.
The gnoll hits you but does no damage. You block the gnoll's attack.
The gnoll hits you from afar with a +0 halberd of protection!
You hit the gnoll but do no damage. The gnoll hits you with a +0 spear.
The gnoll hits you from afar with a +0 halberd of protection!
You slash the gnoll!
The gnoll is severely wounded.
The gnoll hits you but does no damage.
The gnoll hits you from afar with a +0 halberd of protection.
The gnoll barely misses you. The gnoll hits you with a +0 spear.
* * * LOW HITPOINT WARNING * * *
You slash the gnoll!
You kill the gnoll!
The gnoll hits you from afar with a +0 halberd of protection.
* * * LOW HITPOINT WARNING * * *
You block the gnoll's attack.
Things that are here:
a +0 spear; 5 gold pieces; a gnoll corpse It was a potion of brilliance.
You feel clever all of a sudden. The gnoll closely misses you.
You furiously retaliate!
You headbutt the gnoll. You closely miss the gnoll.
The gnoll is heavily wounded.
The gnoll barely misses you.
The gnoll hits you with a +0 halberd of protection.
* * * LOW HITPOINT WARNING * * *
You barely miss the gnoll.
The gnoll is heavily wounded.
The gnoll hits you but does no damage.
You hit the gnoll.
The gnoll is severely wounded.
You block the gnoll's attack.
You hit the gnoll.
The gnoll is almost dead.
The gnoll barely misses you.
The gnoll hits you with a +0 halberd of protection.
You die...

#.. #.. #.. #.#
#.# #.# #.# .
####.######g...
#......@gSgJ...
####.....#####....
#........# .
#.##.....# .
#......# #.#
#......# #.#
#.#.#.## #.#
#.#.#.# #.#
#.#.#.#


You could see 3 gnolls, an adder and an endoplasm.

Vanquished Creatures
  A gnoll (D:3)
  A dart slug (D:1)
  An orc (D:3)
  5 bats
  2 endoplasms
  3 giant cockroaches
  7 goblins
  7 hobgoblins
  3 quokkas
  5 ball pythons (D:2)
  A frilled lizard (D:2)
  7 kobolds
  3 rats
46 creatures vanquished.

Vanquished Creatures (others)
  A withered plant (D:3)
1 creature vanquished.

Grand Total: 47 creatures vanquished

Notes
Turn   | Place    | Note
-------+----------+-------------------------------------------
     0 | D:1      | bmack86 the Minotaur Fighter began the quest for the Orb.
     0 | D:1      | Reached XP level 1. HP: 19/19 MP: 0/0
   216 | D:1      | Reached XP level 2. HP: 27/27 MP: 1/1
  1247 | D:2      | Reached XP level 3. HP: 21/33 MP: 2/2
  1852 | D:3      | Slain by a gnoll

Illustrated notes

Levels and vault maps discovered:
D:1:      minmay_arrival_wavy_path, layout_loops_corners, minivault_4
D:2:      layout_loops_ring, minmay_octomino_c4
D:3:      layout_basic, serial_glass, glass_columns_a, glass_columns_a,
          glass_columns_a, glass_columns_c, glass_columns_a, glass_columns_a,
          ebering_ecumenical_altar_petrified, uniq_sigmund, uniq_jessica,
          uniq_ijyb, uniq_crazy_yiuf_cottage, uniq_robin, uniq_natasha

Skill      XL: |  1  2  3 |
---------------+----------+-----
Axes           | 3 |  3.7
Shields        | 4 |  4.1
Armour         | 4 |  4.1
Fighting       | 4 |  4.1

Action                     || total
---------------------------++-------
  Melee: War axe           ||   117
         Headbutt          ||     8
    Use: Scroll            ||     4
         Potion            ||     1
 Armour: Scale mail        ||    48
         Chain mail        ||    19
  Dodge: Dodged            ||    47
  Block: Buckler           ||    29

Table legend: (Time is in decaauts)
 A = Elapsed time spent in this place.
 B = Non-inter-level travel time spent in this place.
 C = Inter-level travel time spent in this place.
 D = Time resting spent in this place.
 E = Time spent auto-exploring this place.
 F = Levels seen in this place.
 G = Mean time per level.
                   A        B        C        D        E       F      G
               +--------+--------+--------+--------+--------+-----+--------+
         Total |   1896 |   1845 |     51 |      0 |   1380 |   3 |  632.0 |
       Dungeon |   1896 |   1845 |     51 |      0 |   1380 |   3 |  632.0 |
               +--------+--------+--------+--------+--------+-----+--------+

Top non-repeatable levels by time:
     D:1: 1058 daAuts
     D:2: 771 daAuts
     D:3: 65 daAuts
